 Dungeon Crawl Stone Soup version 0.29-a0-23-ga79f92ac9c (webtiles) character file.

Game seed: 2465754843788020661

1187 dracfodder the Chopper (level 8, -12/51 HPs)
             Began as a Gargoyle Berserker on Jan 30, 2022.
             Was a Priest of Trog.
             Mangled by an ogre (22 damage)
             ... on level 5 of the Dungeon.
             The game lasted 00:16:43 (5513 turns).

dracfodder the Chopper (Gargoyle Berserker)         Turns: 5513, Time: 00:16:43

Health: -12/51     AC: 17    Str: 23    XL:     8   Next: 43%
Magic:  8/8        EV:  7    Int:  8    God:    Trog [***...]
Gold:   119        SH: 19    Dex: 14    Spells: 7/7 levels left

rFire   . . .      SeeInvis .   a - +0 hand axe
rCold   . . .      Faith    .   l - +1 tower shield
rNeg    + . .      Spirit   .   n - +5 scale mail of Vehumet's Envy {rPois Dex+3}
rPois   ∞          Reflect  +   (helmet restricted)
rElec   +          Harm     .   (no cloak)
rCorr   .          Rampage  .   (no gloves)
Will    .....                   (no boots)
Stlth   ..........              e - amulet of reflection
HPRegen 0.17/turn               (no ring)
MPRegen 0.11/turn               (no ring)

@: no status effects
A: sickness immunity, AC +5, negative energy resistance 1, electricity
resistance, torment resistance 1, petrification resistance, horns 1, agile 1,
evolution 2
a: Renounce Religion, Berserk, Trog's Hand


You were on level 5 of the Dungeon.
You worshipped Trog.
Trog was most pleased with you.
You visited 2 branches of the dungeon, and saw 6 of its levels.

You collected 236 gold pieces.
You spent 117 gold pieces at shops.

Inventory:

Hand Weapons
 a - a +0 hand axe (weapon)
Missiles
 b - 57 arrows
 c - 180 stones
 g - 34 sling bullets
 j - a throwing net
 m - 5 boomerangs
 o - 18 bolts
Armour
 l - a +1 tower shield (worn)
 n - the +5 scale mail of Vehumet's Envy (worn) {rPois Dex+3}
   (You found it on level 4 of the Dungeon)

   Dex:       It affects your dexterity (+3).
   rPois:     It protects you from poison.
Jewellery
 e - an amulet of reflection (around neck)
 h - a ring of fire
Wands
 i - a wand of iceblast (16) (quivered)
Scrolls
 d - 4 scrolls of teleportation
Potions
 k - a potion of ambrosia
 q - a potion of haste


   Skills:
 * Level 6.1 Fighting
 + Level 6.5 Axes
 + Level 4.1 Armour
 + Level 2.3 Dodging
 + Level 0.8 Stealth
 + Level 3.7 Shields
 + Level 0.7 Evocations


You had 7 spell levels left.
You didn't know any spells.
Your spell library was empty.

Dungeon Overview and Level Annotations

Branches:
Dungeon (5/15)             Temple (1/1) D:5

Altars:
Ashenzari
Cheibriados
Dithmenos
Elyvilon
Fedhas
Gozag
Kikubaaqudgha
Makhleb
Nemelex Xobeh
Okawaru
Qazlal
Ru
Sif Muna
Trog
Uskayaw
Vehumet
Wu Jian
Xom
Yredelemnul
Zin
The Shining One

Shops:
D:5 *

Annotations:
D:5 1 transporter, Cecur's ghost, amateur FeSu


Innate Abilities, Weirdness & Mutations

You are immune to sickness and miasma.
Your stone body is resilient. (AC +5)
You are immune to poison.
You resist negative energy. (rN+)
You are resistant to electric shocks. (rElec)
You are resistant to unholy torment.
You are immune to petrification.
You have a pair of small horns on your head.
You are agile. (Dex +2)
You have great hidden genetic potential.


Message History

It was a scroll of noise.
You hear a shout!
Okay, then.
As you read the scroll of identify, it crumbles to dust.
k - a potion of ambrosia
As you read the scroll of identify, it crumbles to dust.
q - a potion of haste You see here a +0 rapier.
An ogre comes into view. It is wielding a +0 giant club.
The ogre shouts!
Found 16 stones.
You block the ogre's attack.
You slash the ogre! You headbutt the ogre.
The ogre is moderately wounded.
The ogre hits you with a +0 giant club.
You hit the ogre. Your headbutt misses the ogre.
The ogre is moderately wounded.
You block the ogre's attack.
You hit the ogre.
The ogre is heavily wounded.
You block the ogre's attack.
You hit the ogre. Your headbutt misses the ogre.
The ogre is heavily wounded.
The ogre hits you with a +0 giant club!
You hit the ogre.
The ogre is severely wounded.
The ogre hits you with a +0 giant club!
You are too injured to fight recklessly!
You are too injured to fight recklessly!
You hit the ogre.
The ogre is severely wounded.
You block the ogre's attack.
You hit the ogre. You headbutt the ogre.
The ogre is almost dead.
The ogre hits you with a +0 giant club!
* * * LOW HITPOINT WARNING * * *
You completely miss the ogre.
The ogre is almost dead.
The ogre hits you with a +0 giant club!!
You die...

#.......#.....##..[........#..#
..#.###......#......##.#####..#
.#...####...###.#.#.###.####..#
...........## ##..#...........#
##...####...###.#.#..##.#####.#
## #....#........)[......#
#####.#####.#.#########
#######..## #.O@....##
#.(.###### .(...#. #### .. ###


You could see an ogre.

Vanquished Creatures
  Grinder (D:5)
  A water moccasin (D:5)
  3 ice beasts (D:5)
  An ogre (D:4)
  2 scorpions
  A howler monkey (D:5)
  A hound (D:4)
  2 iguanas
  2 hound skeletons (D:4)
  A howler monkey zombie (D:5)
  3 gnolls (D:4)
  8 adders
  2 adder skeletons (D:4)
  5 dart slugs
  4 worms
  4 orcs
  6 endoplasms
  4 giant cockroaches
  7 goblins
  11 hobgoblins
  16 jackals
  6 kobolds
  5 quokkas (D:1)
  9 ball pythons
  2 bats
  4 frilled lizards
  8 rats
119 creatures vanquished.

Vanquished Creatures (others)
  3 plants (D:1)
3 creatures vanquished.

Grand Total: 122 creatures vanquished

Notes
Turn   | Place    | Note
-------+----------+-------------------------------------------
     0 | D:1      | dracfodder the Gargoyle Berserker began the quest for the
                  | Orb.
     0 | D:1      | Reached XP level 1. HP: 14/14 MP: 1/1
    38 | D:1      | Reached XP level 2. HP: 4/20 MP: 2/2
   821 | D:1      | Reached XP level 3. HP: 24/24 MP: 3/3
  1163 | D:1      | Reached ** piety under Trog
  1382 | D:1      | Found a faded altar of an unknown god.
  1476 | D:2      | Reached XP level 4. HP: 29/29 MP: 4/4
  2117 | D:2      | Noticed a scorpion
  2132 | D:2      | Killed a scorpion
  2133 | D:2      | Reached XP level 5. HP: 12/34 MP: 5/5
  3466 | D:3      | Reached XP level 6. HP: 39/39 MP: 6/6
  3882 | D:5      | Entered Level 5 of the Dungeon
  3897 | D:4      | Reached skill level 5 in Axes
  3897 | D:4      | Reached skill level 1 in Shields
  3898 | D:4      | Identified the +5 scale mail of Vehumet's Envy {rPois
                  | Dex+3}
  4117 | D:4      | Reached *** piety under Trog
  4118 | D:4      | Reached XP level 7. HP: 44/44 MP: 7/7
  4133 | D:4      | Reached skill level 5 in Fighting
  4652 | D:5      | Found a transporter.
  4654 | D:5      | Noticed Cecur's ghost (amateur FeSu)
  4817 | D:5      | Found Sehuon's General Store.
  4825 | D:5      | Bought a scroll of identify for 26 gold pieces
  4825 | D:5      | Bought a potion of heal wounds for 65 gold pieces
  4825 | D:5      | Bought a scroll of identify for 26 gold pieces
  4827 | D:5      | Gained mutation: You have hidden genetic potential. [potion
                  | of mutation]
  4827 | D:5      | Gained mutation: You have great hidden genetic potential.
                  | [potion of mutation]
  4827 | D:5      | Gained mutation: You are agile. (Dex +2) [potion of
                  | mutation]
  4831 | D:5      | Noticed Grinder
  4855 | D:5      | Killed Grinder
  4937 | D:5      | Found a staircase to the Ecumenical Temple.
  4951 | D:5      | Reached XP level 8. HP: 15/50 MP: 8/8
  4962 | D:5      | Gained mutation: You have a pair of small horns on your
                  | head. [hidden potential]
  5185 | Temple   | Entered the Ecumenical Temple
  5513 | D:5      | Mangled by an ogre

Illustrated notes

Levels and vault maps discovered:
D:1:      amcnicky_arrival_underground_garden, layout_basic,
          chequers_ecumenical_altar_lobes
D:2:      layout_basic
D:3:      wander_river, layout_rooms
D:4:      layout_loops_ring, minmay_cupped
D:5:      layout_loops_ring, minmay_temple_entry_large_hall,
          gammafunk_ghost_mausoleum, serial_shops, shop, uniq_grinder
Temple:   mainiacjoe_temple_hex_bubbles

Skill      XL: |  1  2  3  4  5  6  7  8 |
---------------+-------------------------+-----
Axes           | 3 4 5 6 |  6.5
Fighting       | 4 5 6 |  6.1
Armour         | 3 4 |  4.1
Dodging        | 2 |  2.3
Shields        | 1 3 |  3.7
Stealth        | |  0.8
Evocations     | |  0.7

Action                   |  1- 3 |  4- 6 |  7- 9 || total
-------------------------+-------+-------+-------++-------
Melee: Hand axe          |   131 |   175 |   126 ||   432
       Punch             |     3 |     2 |       ||     5
       Headbutt          |       |       |     6 ||     6
Invok: Berserk           |     1 |     2 |     2 ||     5
       Trog's Hand       |       |       |     1 ||     1
Evoke: Wand              |       |     5 |     1 ||     6
  Use: Scroll            |       |     4 |     5 ||     9
       Potion            |       |       |     2 ||     2
Armor: Animal skin       |     7 |       |       ||     7
       Chain mail        |    60 |    61 |       ||   121
       Scale mail        |       |    13 |    66 ||    79
Dodge: Dodged            |    66 |    42 |    20 ||   128
Block: Other             |    19 |    15 |       ||    34
       Tower shield      |       |    54 |   116 ||   170
       Reflection        |       |       |     1 ||     1

Table legend: (Time is in decaauts)
 A = Elapsed time spent in this place.
 B = Non-inter-level travel time spent in this place.
 C = Inter-level travel time spent in this place.
 D = Time resting spent in this place.
 E = Time spent auto-exploring this place.
 F = Levels seen in this place.
 G = Mean time per level.
                   A        B        C        D        E       F      G
               +--------+--------+--------+--------+--------+-----+--------+
         Total |   5704 |   5508 |    196 |    891 |   3477 |   6 |  950.7 |
       Dungeon |   5463 |   5298 |    165 |    891 |   3271 |   5 | 1092.6 |
        Temple |    240 |    209 |     31 |      0 |    206 |   1 |  240.0 |
               +--------+--------+--------+--------+--------+-----+--------+

Top non-repeatable levels by time:
     D:1: 1669 daAuts
     D:2: 1646 daAuts
     D:4: 981 daAuts
     D:5: 669 daAuts
     D:3: 496 daAuts
  Temple: 240 daAuts
